TOP OF THE 1ST |
Bristol Pirates batting - Pitching for Helena Brewers : RHP Jeff Swomley
|
Pitching: RHP Jeff Swomley
|
|
Batting: RHB Melvin Durland
|
0-0: Swinging Strike 0-1: Bunt for hit to P - play at first, batter OUT! 1-3
|
Batting: LHB Josh Aerni
|
0-0: Ball 1-0: Foul Ball, location: 2F 1-1: Ball 2-1: Ball 3-1: Foul Ball, location: 2F 3-2: Foul Ball, location: 2F 3-2: Strikes out swinging
|
Batting: LHB Chad Cutler
|
0-0: Called Strike 0-1: Ball 1-1: Called Strike 1-2: Strikes out swinging
|
Top of the 1st over - 0 runs, 0 hits, 0 errors, 0 left on base; Bristol 0 - Helena 0 |
BOTTOM OF THE 1ST |
Helena Brewers batting - Pitching for Bristol Pirates : RHP Otok Barleyfoot
|
Pitching: RHP Otok Barleyfoot
|
|
Batting: RHB Wiliama Dana
|
0-0: Called Strike 0-1: Foul Ball, location: 2F 0-2: Ball 1-2: Ball 2-2: Ground out 5-3 (Groundball, 56, EV 77.5 MPH)
|
Batting: RHB Steve Errico
|
0-0: Ground out 1-3 (Groundball, 13, EV 69.4 MPH)
|
Batting: LHB Mark Backstrom
|
0-0: Ball 1-0: Ball 2-0: SINGLE (Groundball, 4D, EV 99.4 MPH)
|
Batting: RHB Jeremy Harden
|
0-0: Ball 1-0: Ball 2-0: Foul Ball, location: 2F 2-1: Foul Ball, location: 2F 2-2: Foul Ball, location: 2F 2-2: Ball 3-2: Foul Ball, location: 2F 3-2: Foul Ball, location: 2F 3-2: Base on Balls Mark Backstrom to second
|
Batting: LHB Steven Donovan
|
0-0: Swinging Strike 0-1: Ball 1-1: Swinging Strike 1-2: Ball 2-2: Foul Ball, location: 2F 2-2: Foul Ball, location: 2F 2-2: Foul Ball, location: 2F 2-2: 3-RUN HOME RUN (Flyball, 9D, EV 98.1 MPH), Distance : 380 ft
|
Batting: RHB Tony Beaumond
|
0-0: Ball 1-0: Called Strike 1-1: Ball 2-1: Foul Ball, location: 2F 2-2: Strikes out swinging
|
Bottom of the 1st over - 3 runs, 2 hits, 0 errors, 0 left on base; Bristol 0 - Helena 3 |
TOP OF THE 2ND |
Bristol Pirates batting - Pitching for Helena Brewers : RHP Jeff Swomley
|
Batting: RHB Alain Marquet
|
0-0: Swinging Strike 0-1: Called Strike 0-2: SINGLE (Line Drive, 9LS, EV 107.5 MPH)
|
Batting: LHB Tomohiro Yokoyama
|
0-0: Called Strike 0-1: Ball 1-1: Reached on error, E6 (Groundball, 6, EV 105.6 MPH) Alain Marquet to second
|
Batting: RHB Jeff Edwards
|
0-0: Ball 1-0: Swinging Strike 1-1: Called Strike 1-2: Ball 2-2: Ball 3-2: Strikes out swinging
|
Batting: RHB Hector Barajas
|
0-0: Called Strike 0-1: Swinging Strike 0-2: Strikes out swinging
|
Batting: RHB Alex Arzate
|
0-0: Foul Ball, location: 2F 0-1: Ball 1-1: Ball 2-1: Fly out, F8 (Flyball, 8RM, EV 76.9 MPH)
|
Top of the 2nd over - 0 runs, 1 hit, 1 error, 2 left on base; Bristol 0 - Helena 3 |
BOTTOM OF THE 2ND |
Helena Brewers batting - Pitching for Bristol Pirates : RHP Otok Barleyfoot
|
Batting: RHB Chris Fruit
|
0-0: Called Strike 0-1: Ball 1-1: Ball 2-1: Ball 3-1: Foul Ball, location: 2F 3-2: Ground out 5-3 (Groundball, 56S, EV 75.0 MPH)
|
Batting: RHB Mohammed bin Ubaida
|
0-0: Fly out, F7 (Flyball, 7S, EV 88.8 MPH)
|
Batting: LHB Jose Simental
|
0-0: Foul Ball, location: 2F 0-1: DOUBLE (Groundball, 3L, EV 111.2 MPH)
|
Batting: RHB Wiliama Dana
|
0-0: Called Strike 0-1: Ball 1-1: Ball 2-1: Ball 3-1: Called Strike 3-2: Foul Ball, location: 2F 3-2: Ground out 1-3 (Groundball, 13S, EV 65.6 MPH)
|
Bottom of the 2nd over - 0 runs, 1 hit, 0 errors, 1 left on base; Bristol 0 - Helena 3 |
TOP OF THE 3RD |
Bristol Pirates batting - Pitching for Helena Brewers : RHP Jeff Swomley
|
Batting: RHB Chris Arroyo
|
0-0: Ball 1-0: Swinging Strike 1-1: Fly out, F9 (Flyball, 9LSF, EV 94.4 MPH)
|
Batting: RHB Melvin Durland
|
0-0: Foul Ball, location: 2F 0-1: Swinging Strike 0-2: Ball 1-2: Foul Ball, location: 2F 1-2: Foul Ball, location: 2F 1-2: Strikes out swinging
|
Batting: LHB Josh Aerni
|
0-0: Swinging Strike 0-1: Called Strike 0-2: Strikes out swinging
|
Top of the 3rd over - 0 runs, 0 hits, 0 errors, 0 left on base; Bristol 0 - Helena 3 |
BOTTOM OF THE 3RD |
Helena Brewers batting - Pitching for Bristol Pirates : RHP Otok Barleyfoot
|
Batting: RHB Steve Errico
|
0-0: Foul Ball, location: 2F 0-1: Ball 1-1: Ball 2-1: Foul Ball, location: 2F 2-2: Foul Ball, location: 2F 2-2: Ground out 6-3 (Groundball, 6, EV 83.1 MPH)
|
Batting: LHB Mark Backstrom
|
0-0: Called Strike 0-1: Called Strike 0-2: Ball 1-2: Ball 2-2: Ball 3-2: Base on Balls
|
Batting: RHB Jeremy Harden
|
0-0: Ball Pickoff Throw to First - Out! 1-3 1-0: Swinging Strike 1-1: Called Strike 1-2: Ball 2-2: Foul Ball, location: 2F 2-2: Ball 3-2: Strikes out swinging
|
Bottom of the 3rd over - 0 runs, 0 hits, 0 errors, 0 left on base; Bristol 0 - Helena 3 |
TOP OF THE 4TH |
Bristol Pirates batting - Pitching for Helena Brewers : RHP Jeff Swomley
|
Batting: LHB Chad Cutler
|
0-0: Ball 1-0: SINGLE (Groundball, 34S, EV 68.8 MPH) (infield hit)
|
Batting: RHB Alain Marquet
|
0-0: Foul Ball, location: 2F 0-1: SINGLE (Line Drive, 5D, EV 99.4 MPH) Chad Cutler to second
|
Batting: LHB Tomohiro Yokoyama
|
0-0: Ball 1-0: Called Strike 1-1: Ball 2-1: Ball 3-1: Foul Ball, location: 2F 3-2: Ground out 4-3 (Groundball, 34D, EV 104.4 MPH) Chad Cutler to third Alain Marquet to second
|
Batting: RHB Jeff Edwards
|
0-0: Ball Wild Pitch! Chad Cutler scores Alain Marquet to third 1-0: Foul Ball, location: 2F 1-1: Ball 2-1: Swinging Strike 2-2: Foul Ball, location: 2F 2-2: Ball 3-2: Base on Balls
|
Batting: RHB Hector Barajas
|
0-0: 3-RUN HOME RUN (Flyball, 7D, EV 97.5 MPH), Distance : 385 ft
|
Batting: RHB Alex Arzate
|
0-0: Called Strike 0-1: Swinging Strike 0-2: Ball 1-2: Ball 2-2: Ball 3-2: Strikes out looking
|
Batting: RHB Chris Arroyo
|
0-0: Called Strike 0-1: Ball 1-1: Fly out, F7 (Flyball, 7D, EV 106.9 MPH)
|
Top of the 4th over - 4 runs, 3 hits, 0 errors, 0 left on base; Bristol 4 - Helena 3 |
BOTTOM OF THE 4TH |
Helena Brewers batting - Pitching for Bristol Pirates : RHP Otok Barleyfoot
|
Batting: LHB Steven Donovan
|
0-0: Foul Ball, location: 2F 0-1: Ball 1-1: Foul Ball, location: 2F 1-2: Ball 2-2: Ball 3-2: Base on Balls
|
Batting: RHB Tony Beaumond
|
0-0: Called Strike 0-1: Foul Ball, location: 2F 0-2: Fly out, F3 (Popup, 3S, EV 73.8 MPH)
|
Batting: RHB Chris Fruit
|
0-0: Ball 1-0: Ball 2-0: Ball 3-0: Swinging Strike 3-1: Foul Ball, location: 2F 3-2: Strikes out swinging
|
Batting: RHB Mohammed bin Ubaida
|
0-0: Ball 1-0: Foul Ball, location: 2F 1-1: Swinging Strike 1-2: Strikes out swinging
|
Bottom of the 4th over - 0 runs, 0 hits, 0 errors, 1 left on base; Bristol 4 - Helena 3 |
TOP OF THE 5TH |
Bristol Pirates batting - Pitching for Helena Brewers : RHP Jeff Swomley
|
Batting: RHB Melvin Durland
|
0-0: Called Strike 0-1: Ball 1-1: Called Strike 1-2: Fly out, F4 (Line Drive, 4, EV 72.5 MPH)
|
Batting: LHB Josh Aerni
|
0-0: Ball 1-0: Ball 2-0: Fly out, F9 (Flyball, 89D, EV 102.5 MPH)
|
Batting: LHB Chad Cutler
|
0-0: Ball 1-0: Ball 2-0: Swinging Strike 2-1: DOUBLE (Flyball, 89XD, EV 113.8 MPH)
|
Batting: RHB Alain Marquet
|
0-0: Foul Ball, location: 2F 0-1: Foul Ball, location: 2F 0-2: Ground out 5-3 (Groundball, 56, EV 102.5 MPH)
|
Top of the 5th over - 0 runs, 1 hit, 0 errors, 1 left on base; Bristol 4 - Helena 3 |
BOTTOM OF THE 5TH |
Helena Brewers batting - Pitching for Bristol Pirates : RHP Otok Barleyfoot
|
Batting: LHB Jose Simental
|
0-0: Bunt missed! 0-1: Ball 1-1: Foul Ball, location: 2F 1-2: Ball 2-2: Ground out 4-3 (Groundball, 34D, EV 88.1 MPH)
|
Batting: RHB Wiliama Dana
|
0-0: Swinging Strike 0-1: Foul Ball, location: 2F 0-2: Ground out 4-3 (Groundball, 4S, EV 65.0 MPH)
|
Batting: RHB Steve Errico
|
0-0: Called Strike 0-1: Ball 1-1: Foul Ball, location: 2F 1-2: Ground out 5-3 (Groundball, 56, EV 76.9 MPH)
|
Bottom of the 5th over - 0 runs, 0 hits, 0 errors, 0 left on base; Bristol 4 - Helena 3 |
TOP OF THE 6TH |
Bristol Pirates batting - Pitching for Helena Brewers : RHP Jeff Swomley
|
Batting: LHB Tomohiro Yokoyama
|
0-0: Called Strike 0-1: Called Strike 0-2: Ball 1-2: Ball 2-2: Ball 3-2: Ground out 6-3 (Groundball, 6M, EV 83.8 MPH)
|
Pitching: RHP Elijah Seabrooks
|
|
Batting: RHB Jeff Edwards
|
0-0: Ball 1-0: Foul Ball, location: 2F 1-1: Ball 2-1: Foul Ball, location: 2F 2-2: Foul Ball, location: 2F 2-2: Ball 3-2: Strikes out looking
|
Batting: RHB Hector Barajas
|
0-0: Ball 1-0: Called Strike 1-1: Fly out, F8 (Flyball, 8RXD, EV 97.5 MPH)
|
Top of the 6th over - 0 runs, 0 hits, 0 errors, 0 left on base; Bristol 4 - Helena 3 |
BOTTOM OF THE 6TH |
Helena Brewers batting - Pitching for Bristol Pirates : RHP Otok Barleyfoot
|
Pitching: LHP Norm Silveira-Wray
|
|
Batting: LHB Mark Backstrom
|
0-0: Swinging Strike 0-1: Called Strike 0-2: Ball 1-2: Ball 2-2: Ball 3-2: Strikes out swinging
|
Batting: RHB Jeremy Harden
|
0-0: Ball 1-0: Hit by Pitch
|
Batting: LHB Steven Donovan
|
0-0: Foul Ball, location: 2F 0-1: Ball 1-1: Foul Ball, location: 2F 1-2: 2-RUN HOME RUN (Flyball, 9LD, EV 97.5 MPH), Distance : 337 ft
|
Batting: RHB Tony Beaumond
|
0-0: Ball 1-0: Called Strike 1-1: Ball 2-1: Swinging Strike 2-2: Foul Ball, location: 2F 2-2: Ground out 6-3 (Groundball, 6, EV 82.5 MPH)
|
Batting: RHB Chris Fruit
|
0-0: Ball 1-0: Fly out, F8 (Line Drive, 8LD, EV 91.9 MPH)
|
Bottom of the 6th over - 2 runs, 1 hit, 0 errors, 0 left on base; Bristol 4 - Helena 5 |
TOP OF THE 7TH |
Bristol Pirates batting - Pitching for Helena Brewers : RHP Elijah Seabrooks
|
Batting: RHB Alex Arzate
|
0-0: Called Strike 0-1: Foul Ball, location: 2F 0-2: Ball 1-2: Ball 2-2: Ball 3-2: Foul Ball, location: 2F 3-2: Foul Ball, location: 2F 3-2: Fly out, F8 (Flyball, 8LS, EV 77.5 MPH)
|
Pinch Hitting: SHB Don Hauk
|
0-0: Ball 1-0: Ball 2-0: Ball 3-0: Base on Balls
|
Batting: RHB Melvin Durland
|
0-0: Ball 1-0: Called Strike Don Hauk steals 2nd, throwing error, E2 Don Hauk to third 1-1: Fly out, F8 (Flyball, 78D, EV 97.5 MPH) Runner from 3rd tags up, SCORES, throw by CF
|
Batting: LHB Josh Aerni
|
0-0: Called Strike 0-1: Ball 1-1: SINGLE (Line Drive, 6D, EV 97.5 MPH)
|
Batting: LHB Chad Cutler
|
0-0: Fly out, F5 (Popup, 5, EV 71.2 MPH)
|
Top of the 7th over - 1 run, 1 hit, 1 error, 1 left on base; Bristol 5 - Helena 5 |
BOTTOM OF THE 7TH |
Helena Brewers batting - Pitching for Bristol Pirates : LHP Norm Silveira-Wray
|
Now at 3B: Juan Ayala
|
|
Batting: RHB Mohammed bin Ubaida
|
0-0: Ball 1-0: Ball 2-0: Called Strike 2-1: Foul Ball, location: 2F 2-2: Ball 3-2: Foul Ball, location: 2F 3-2: Strikes out swinging
|
Batting: LHB Jose Simental
|
0-0: Ball 1-0: Ball 2-0: Hit by Pitch
|
Batting: RHB Wiliama Dana
|
0-0: Foul Ball, location: 2F 0-1: Swinging Strike Pickoff Throw by Catcher to First - Out! 0-2: Ball 1-2: Strikes out swinging
|
Bottom of the 7th over - 0 runs, 0 hits, 0 errors, 0 left on base; Bristol 5 - Helena 5 |
TOP OF THE 8TH |
Bristol Pirates batting - Pitching for Helena Brewers : RHP Elijah Seabrooks
|
Batting: RHB Alain Marquet
|
0-0: Ball 1-0: Ball 2-0: Called Strike 2-1: Ball 3-1: Fly out, F8 (Flyball, 89D, EV 76.2 MPH)
|
Pitching: LHP Brian Rich
|
|
Pinch Hitting: RHB Dave Fredericks
|
0-0: Ball 1-0: Swinging Strike 1-1: Ball 2-1: SOLO HOME RUN (Flyball, 78XD, EV 110.6 MPH), Distance : 424 ft
|
Pitching: RHP Alejandro Souto
|
|
Batting: RHB Jeff Edwards
|
0-0: Called Strike 0-1: Called Strike 0-2: Ball 1-2: Ground out 4-3 (Groundball, 4M, EV 76.2 MPH)
|
Batting: RHB Hector Barajas
|
0-0: Foul Ball, location: 2F 0-1: Ball 1-1: Fly out, F8 (Flyball, 8LM, EV 85.6 MPH)
|
Top of the 8th over - 1 run, 1 hit, 0 errors, 0 left on base; Bristol 6 - Helena 5 |
BOTTOM OF THE 8TH |
Helena Brewers batting - Pitching for Bristol Pirates : LHP Norm Silveira-Wray
|
Now in LF: Dave Fredericks
|
|
Batting: RHB Steve Errico
|
0-0: Ball 1-0: Swinging Strike 1-1: Foul Ball, location: 2F 1-2: Strikes out looking
|
Batting: LHB Mark Backstrom
|
0-0: Foul Ball, location: 2F 0-1: Ground out U3 (Groundball, 3, EV 78.1 MPH)
|
Batting: RHB Jeremy Harden
|
0-0: Fly out, F8 (Line Drive, 8RM, EV 91.2 MPH)
|
Bottom of the 8th over - 0 runs, 0 hits, 0 errors, 0 left on base; Bristol 6 - Helena 5 |
TOP OF THE 9TH |
Bristol Pirates batting - Pitching for Helena Brewers : RHP Alejandro Souto
|
Batting: RHB Alex Arzate
|
0-0: Called Strike 0-1: Called Strike 0-2: Ball 1-2: Strikes out looking
|
Batting: SHB Juan Ayala
|
0-0: Swinging Strike 0-1: Ball 1-1: Foul Ball, location: 2F 1-2: Ball 2-2: Strikes out swinging
|
Batting: RHB Melvin Durland
|
0-0: Ball 1-0: Ball 2-0: Foul Ball, location: 2F 2-1: Foul Ball, location: 2F 2-2: Fly out, F9 (Flyball, 89M, EV 89.4 MPH)
|
Top of the 9th over - 0 runs, 0 hits, 0 errors, 0 left on base; Bristol 6 - Helena 5 |
BOTTOM OF THE 9TH |
Helena Brewers batting - Pitching for Bristol Pirates : LHP Norm Silveira-Wray
|
Pitching: RHP Serguei Rudakovsky
|
|
Batting: LHB Steven Donovan
|
0-0: Ball 1-0: Ball 2-0: Called Strike 2-1: Ground out 5-3 (Groundball, 56, EV 83.1 MPH)
|
Batting: RHB Tony Beaumond
|
0-0: Swinging Strike SINGLE, rundown, safe at 1st
|
Batting: RHB Chris Fruit
|
0-0: Called Strike 0-1: Ball 1-1: Ball 2-1: Foul Ball, location: 2F 2-2: Ball 3-2: Fly out, F7 (Flyball, 7LSF, EV 88.8 MPH)
|
Pinch Hitting: LHB Dusty Bryant
|
0-0: Called Strike 0-1: Ball 1-1: Foul Ball, location: 2F 1-2: Strikes out swinging
|
Bottom of the 9th over - 0 runs, 1 hit, 0 errors, 1 left on base; Bristol 6 - Helena 5 |
|